AoeStats
← Gim

Nomad

508429218Analyzed
4v4 RM · 8d ago on Sep 22, 2026· 50m 38s· 8 players
Game mode
Random Map
Map size
231×231
Population
200
Speed
Normal
Resources
Standard
Victory
Conquest
Starting age
Dark Age
Ending age
Imperial Age
RankedLock teamsTeams togetherTeam positionsShared explorationLock speedFull tech treeHidden civsTurbo modeCheats
Victory
Defeat
🇹🇼 Jurchens · Taiwan
1279
+13
🇹🇼 Turks · Taiwan
1255
+13
🇺🇸 Romans · United States
1243
+14
🇹🇼 Mongols · Taiwan
1203
+16
🇨🇳 Slavs · China
1268
-17
🇵🇱 Armenians · Poland
1202
-14
🇹🇼 Koreans · Taiwan
1182
-13
🇳🇴 Cumans · Norway
1147
-12
dusen128371
8:47 Loom
14:05 Feudal Age
15:42 Double-Bit Axe
18:23 Fletching
18:27 Gold Mining
19:39 Fishing Lines
21:28 Stone Mining
24:28 Castle Age
23:05 Wheelbarrow
22:16 Town Watch
25:22 Bodkin Arrow
25:39 Medium Warships
26:21 Bow Saw
32:19 Horse Collar
38:33 Ballistics
38:03 Guard Tower
38:24 Masonry
39:00 Murder Holes
39:15 Masonry
41:21 Hand Cart
45:04 Imperial Age
44:49 Padded Archer Armor
46:15 Forging
46:05 Scale Mail Armor
46:22 Leather Archer Armor
45:50 Pikeman
46:30 Squires
46:16 Arson
46:17 Gambesons
46:44 Halberdier
47:30 Bracer
48:07 Iron Casting
47:47 Chain Mail Armor
48:44 Chemistry
Globox
4:37 Loom
13:07 Feudal Age
15:50 Double-Bit Axe
15:46 Horse Collar
25:27 Castle Age
24:19 Scale Barding Armor
25:02 Bloodlines
25:16 Forging
ping3026
5:15 Loom
14:19 Feudal Age
18:58 Castle Age
17:26 Fletching
18:14 Gold Mining
18:22 Stone Mining
18:16 Horse Collar
19:41 Double-Bit Axe
21:35 Wheelbarrow
21:15 Town Watch
29:31 Ballistics
30:34 Hand Cart
34:01 Bodkin Arrow
41:10 Masonry
42:37 Bow Saw
43:40 Murder Holes
44:34 Eupseong
Gim
4:57 Loom
13:47 Feudal Age
18:27 Castle Age
17:13 Double-Bit Axe
[CK] Lukka
5:45 Loom
13:02 Feudal Age
16:59 Castle Age
16:03 Double-Bit Axe
16:39 Stone Mining
17:31 Scale Barding Armor
17:31 Horse Collar
18:37 Bow Saw
24:05 Forging
25:16 Wheelbarrow
25:25 Chain Barding Armor
27:37 Gold Mining
32:21 Iron Casting
35:59 Imperial Age
33:50 Hand Cart
33:44 Fletching
34:14 Heavy Plow
34:20 Herbal Medicine
34:26 Town Watch
34:38 Bodkin Arrow
35:03 Bloodlines
35:04 Husbandry
37:06 Conscription
37:50 Plate Barding Armor
38:12 Elite Iron Pagoda
40:16 Blast Furnace
40:57 Crop Rotation
41:23 Gold Shaft Mining
40:27 Light Cavalry
41:15 Fortified Bastions
42:04 Siege Engineers
43:00 Chemistry
41:41 Treadmill Crane
42:12 Masonry
42:59 Town Patrol
43:21 Bracer
45:00 Ballistics
45:10 Architecture
44:38 Murder Holes
45:24 Stone Shaft Mining
45:53 Two-Man Saw
46:06 Thunderclap Bombs
46:04 Hussar
49:03 Hoardings
47:54 Spies/Treason
Hansthlin
11:18 Loom
13:27 Feudal Age
17:04 Castle Age
16:27 Double-Bit Axe
17:35 Padded Archer Armor
17:18 Horse Collar
17:58 Fletching
19:12 Bodkin Arrow
20:45 Bow Saw
38:13 Wheelbarrow
42:09 Imperial Age
42:02 Leather Archer Armor
43:53 Artillery
44:14 Conscription
46:28 Ring Archer Armor
48:05 Spies/Treason
未時稻暱瑠
5:04 Loom
10:00 Loom
12:41 Feudal Age
15:27 Double-Bit Axe
17:58 Fishing Lines
21:03 Castle Age
19:47 Stone Mining
19:40 Horse Collar
20:09 Gold Mining
21:37 Horse Collar
24:02 Fletching
25:41 Padded Archer Armor
26:48 Bodkin Arrow
27:38 Leather Archer Armor
28:38 Bow Saw
29:49 Ballistics
29:50 Heavy Plow
30:31 Bloodlines
33:19 Gold Shaft Mining
33:25 Husbandry
36:57 Wheelbarrow
39:33 Imperial Age
37:42 Masonry
38:27 Nomads
38:36 Thumb Ring
39:18 Wheelbarrow
39:20 Stone Shaft Mining
39:37 Town Watch
40:37 Conscription
40:40 Bracer
42:00 Hand Cart
41:47 Light Cavalry
43:37 Forging
43:33 Scale Barding Armor
43:37 Hussar
45:39 Iron Casting
45:25 Chain Barding Armor
45:59 Parthian Tactics
46:35 Chemistry
45:47 Elite Mangudai
47:57 Blast Furnace
49:34 Siege Engineers
49:51 Drill
50:26 Spies/Treason
Witman
12:53 Feudal Age
16:15 Castle Age
14:02 Loom
14:52 Double-Bit Axe
15:48 Forging
16:15 Horse Collar
20:20 Bloodlines
22:30 Husbandry
24:35 Bow Saw
25:08 Scale Barding Armor
26:17 Chain Barding Armor
27:56 Iron Casting
31:12 Town Watch
34:36 Wheelbarrow
34:17 Fletching
37:02 Bodkin Arrow
40:14 Hand Cart
42:58 Imperial Age
41:50 Heavy Plow
42:36 Medium Warships
43:03 Cavalier
44:11 Heavy Warships
44:43 Plate Barding Armor
45:33 Chemistry
44:49 Clinker Construction
45:13 Masonry
46:20 Blast Furnace
45:23 Demolition Ship
46:13 Gold Mining
47:26 Crop Rotation
48:31 Conscription
47:45 Spies/Treason
50:22 Fishing Lines
Connection lost

Rejoining the realm…

Still unreachable

The connection could not be restored.

Session expired

The server has moved on; the page needs a fresh start.